 Dungeon Crawl Stone Soup version 0.31-a0-177-g4aa6249778 (webtiles) character file.

Game seed: 359574217773251382

621 qw the Shooter (level 7, 0/64 HPs)
             Began as a Naga Hunter on June 18, 2023.
             Was an Initiate of Okawaru.
             Splashed by a jelly's acid (7 damage)
             ... on level 4 of the Dungeon.
             The game lasted 00:01:20 (3318 turns).

qw the Shooter (Naga Hunter)                        Turns: 3318, Time: 00:01:21

Health: 0/64       AC:  0    Str: 20    XL:     7   Next: 46%
Magic:  7/7        EV: 10    Int:  9    God:    Okawaru [......]
Gold:   189        SH:  0    Dex: 16    Spells: 6/6 levels left

rFire   . . .        Y - +0 shortbow
rCold   . . .        (shield currently unavailable)
rNeg    . . .        c - +0 leather armour
rPois   +            (no helmet)
rElec   .            (no cloak)
rCorr   .            (no gloves)
SInv    +            (no barding)
Will    .....        (no amulet)
Stlth   ++           a - +6 ring of strength
HPRegen 0.30/turn    (no ring)
MPRegen 0.10/turn

%: no passive effects
@: corroded, very slow
A: AC +2, large, see invisible, deformed body, poison resistance, slowness 2,
spit poison 1, naga tail 1
a: Spit Poison, Renounce Religion


You were on level 4 of the Dungeon.
You worshipped Okawaru.
Okawaru was noncommittal.
You visited 2 branches of the dungeon, and saw 5 of its levels.

You collected 189 gold pieces.


Innate Abilities, Weirdness & Mutations

Your serpentine skin is tough. (AC +2)
You have supernaturally acute eyesight. (SInv)
Armour fits poorly on your strangely shaped body.
Your system is resistant to poisons. (rPois)
You cover ground very slowly.
You can spit poison.
You have a snake-like lower body.


   Skills:
 - Level 4.2 Fighting
 + Level 6.9 Ranged Weapons
 - Level 2.4 Dodging
 - Level 1.5 Stealth


You had 6 spell levels left.
You didn't know any spells.
Your spell library was empty.

Inventory:

Hand Weapons
 Y - a +0 shortbow (weapon)
Armour
 c - a +0 leather armour (worn)
Jewellery
 a - a +6 ring of strength (left hand)
Scrolls
 f - a scroll of identify
Potions
 b - a potion of degeneration {unknown}
 d - a potion of resistance
 e - a potion of curing
 g - a potion of experience {unknown}
 h - a potion of haste

Dungeon Overview and Level Annotations

Branches:
Dungeon (4/15)             Temple (1/1) D:4

Altars:
Ashenzari
Dithmenos
Elyvilon
Fedhas
Gozag
Hepliaklqana
Makhleb
Nemelex Xobeh
Okawaru
Qazlal
Ru
Sif Muna
Trog
Uskayaw
Vehumet
Xom
Yredelemnul
Zin
The Shining One

Annotations:
D:2 1 runed translucent door, Crazy Yiuf


Message History

The splash of poison hits the steam dragon but does no damage.
The steam dragon looks even sicker.
The steam dragon is almost dead.
The steam dragon bites you.
The steam dragon claws you but does no damage.
You shoot an arrow.
The arrow hits the steam dragon but does no damage.
The steam dragon is almost dead.
The steam dragon bites you but does no damage.
The steam dragon claws you.
You shoot an arrow.
The arrow completely misses the steam dragon.
The arrow barely misses the howler monkey.
The steam dragon barely misses you. The steam dragon claws you.
You shoot an arrow. The arrow hits the steam dragon.
You kill the steam dragon!
Okawaru accepts your kill.
You shoot an arrow. The arrow hits the howler monkey!
You kill the howler monkey!
Okawaru accepts your kill.
You start resting.
A jelly comes into view.
You shoot an arrow. The arrow barely misses the jelly.
You have got your breath back.
You shoot an arrow. The arrow hits the jelly.
The jelly is lightly wounded.
You shoot an arrow. The arrow hits the jelly.
The jelly is heavily wounded.
The jelly hits you. The acid corrodes you!
You are splashed with acid!
You shoot an arrow. The arrow hits the jelly.
The jelly is heavily wounded.
The jelly hits you.
You are splashed with acid!
You shoot an arrow.
The arrow hits the jelly but does no damage.
The jelly is heavily wounded.
The jelly barely misses you.
You shoot an arrow. The arrow hits the jelly.
The jelly is severely wounded.
The jelly hits you.
You are splashed with acid!
You die...

#.. #.¤ #h# #¤# # ###
#D# ## ##.### #.#
.####....# #¤#
.......#.##########.#
)......#........@J..#
#####)###############
# #)# #.# #.. ###


You could see a jelly.

Vanquished Creatures
  A steam dragon (D:4)
  An ogre (D:4)
  A phantom (D:4)
  A howler monkey (D:4)
  3 orc priests
  Terence (D:2)
  Jessica (D:3)
  An orc wizard (D:3)
  3 gnolls (D:4)
  3 adders
  A worm (D:3)
  2 dart slugs
  5 orcs
  3 ball pythons
  8 endoplasms
  4 giant cockroaches
  10 goblins
  5 hobgoblins
  11 jackals
  4 quokkas
  2 bats
  6 frilled lizards
  10 kobolds
  4 rats
91 creatures vanquished.

Notes
Turn   | Place    | Note
-------+----------+-------------------------------------------
     0 | D:1      | qw the Naga Hunter began the quest for the Orb.
     0 | D:1      | Reached XP level 1. HP: 19/19 MP: 1/1
     0 | D:1      | 0 ||| qw: Version: 0.3-a-7-ge0c9b40
     0 | D:1      | 0 ||| qw: Game counter: 736
     0 | D:1      | 0 ||| qw: Always use a shield: true
     0 | D:1      | 0 ||| qw: God list: Okawaru
     0 | D:1      | 0 ||| qw: Allow faded altars: false
     0 | D:1      | 0 ||| qw: Do Orc after D:15 true
     0 | D:1      | 0 ||| qw: Do second Lair branch before Depths: true
     0 | D:1      | 0 ||| qw: Lair rune preference: random
     0 | D:1      | 0 ||| qw: Plans: Normal
     0 | D:1      | 0 ||| PLANNING D:1-11
    59 | D:1      | 59 ||| INVOKING Spit Poison.
    65 | D:1      | 65 ||| INVOKING Spit Poison.
    68 | D:1      | Reached skill level 4 in Ranged Weapons
    68 | D:1      | Reached XP level 2. HP: 22/26 MP: 2/2
   174 | D:1      | 174 ||| INVOKING Spit Poison.
   205 | D:1      | 205 ||| INVOKING Spit Poison.
   209 | D:1      | 209 ||| INVOKING Spit Poison.
   317 | D:1      | 317 ||| INVOKING Spit Poison.
   320 | D:1      | 320 ||| INVOKING Spit Poison.
   325 | D:1      | 325 ||| INVOKING Spit Poison.
   440 | D:1      | 440 ||| READING 2 scrolls labelled DAOLIANELU.
   443 | D:1      | 443 ||| READING 3 scrolls labelled TAUTTU VANYOMMYAD.
   444 | D:1      | 444 ||| DRINKING 2 glowing dark potions.
   445 | D:1      | 445 ||| READING 2 scrolls of identify.
   445 | D:1      | 445 ||| IDENTIFYING lumpy coppery potion
   446 | D:1      | 446 ||| DROPPING scroll of butterflies.
   447 | D:1      | 447 ||| DROPPING potion of lignification.
   470 | D:2      | 470 ||| INVOKING Spit Poison.
   476 | D:2      | 476 ||| INVOKING Spit Poison.
   481 | D:2      | 481 ||| INVOKING Spit Poison.
   485 | D:2      | 485 ||| INVOKING Spit Poison.
   486 | D:2      | Reached XP level 3. HP: 21/32 MP: 3/3
   585 | D:2      | 585 ||| INVOKING Spit Poison.
   625 | D:2      | 625 ||| INVOKING Spit Poison.
   630 | D:2      | 630 ||| INVOKING Spit Poison.
   637 | D:2      | 637 ||| INVOKING Spit Poison.
   735 | D:2      | 735 ||| INVOKING Spit Poison.
   763 | D:2      | 763 ||| DRINKING 2 fuming amethyst potions.
   765 | D:2      | 765 ||| INVOKING Spit Poison.
   789 | D:2      | 789 ||| INVOKING Spit Poison.
   812 | D:2      | 812 ||| INVOKING Spit Poison.
   814 | D:2      | Reached skill level 5 in Ranged Weapons
   816 | D:2      | Reached XP level 4. HP: 39/39 MP: 4/4
   854 | D:2      | 854 ||| INVOKING Spit Poison.
   890 | D:2      | 890 ||| INVOKING Spit Poison.
   980 | D:2      | 980 ||| INVOKING Spit Poison.
  1034 | D:2      | 1034 ||| INVOKING Spit Poison.
  1040 | D:2      | 1040 ||| INVOKING Spit Poison.
  1044 | D:2      | 1044 ||| INVOKING Spit Poison.
  1049 | D:2      | HP: 9/39 [jackal (3)]
  1050 | D:2      | 1050 ||| READING scroll of teleportation.
  1051 | D:2      | 1051 ||| DRINKING potion of heal wounds.
  1052 | D:2      | 1052 ||| INVOKING Spit Poison.
  1130 | D:2      | Found a runed translucent door.
  1131 | D:2      | Noticed Crazy Yiuf
  1286 | D:2      | 1286 ||| INVOKING Spit Poison.
  1388 | D:2      | 1388 ||| READING scroll labelled KOGOUSK OBROE.
  1389 | D:2      | 1389 ||| READING scroll labelled MIUSCH EH YLIETIL.
  1437 | D:3      | Noticed Terence
  1438 | D:3      | 1438 ||| INVOKING Spit Poison.
  1440 | D:3      | 1440 ||| STAIRDANCE
  1442 | D:2      | 1442 ||| INVOKING Spit Poison.
  1443 | D:2      | 1443 ||| INVOKING Spit Poison.
  1445 | D:2      | Killed Terence
  1446 | D:2      | Reached skill level 3 in Fighting
  1634 | D:3      | 1634 ||| INVOKING Spit Poison.
  1708 | D:3      | 1708 ||| Stepping ~*~*~tactically~*~*~ (outnumbered).
  1712 | D:3      | 1712 ||| INVOKING Spit Poison.
  1714 | D:3      | Reached XP level 5. HP: 49/49 MP: 5/5
  1716 | D:3      | 1716 ||| INVOKING Spit Poison.
  1721 | D:3      | 1721 ||| INVOKING Spit Poison.
  1763 | D:3      | 1763 ||| INVOKING Spit Poison.
  1774 | D:3      | 1774 ||| INVOKING Spit Poison.
  1855 | D:3      | 1855 ||| INVOKING Spit Poison.
  1867 | D:3      | 1867 ||| INVOKING Spit Poison.
  1885 | D:3      | 1885 ||| INVOKING Spit Poison.
  1942 | D:3      | 1942 ||| INVOKING Spit Poison.
  2014 | D:3      | 2014 ||| INVOKING Spit Poison.
  2047 | D:3      | 2047 ||| INVOKING Spit Poison.
  2062 | D:3      | 2062 ||| INVOKING Spit Poison.
  2066 | D:3      | 2066 ||| INVOKING Spit Poison.
  2069 | D:3      | 2069 ||| INVOKING Spit Poison.
  2096 | D:3      | 2096 ||| INVOKING Spit Poison.
  2101 | D:3      | Noticed Jessica
  2103 | D:3      | 2103 ||| INVOKING Spit Poison.
  2108 | D:3      | 2108 ||| INVOKING Spit Poison.
  2108 | D:3      | Killed Jessica
  2181 | D:3      | 2181 ||| INVOKING Spit Poison.
  2493 | D:3      | 2493 ||| READING scroll labelled USOREU CUIRR.
  2573 | D:3      | 2573 ||| READING scroll labelled AQOR TA MUIFE.
  2574 | D:3      | 2574 ||| DRINKING 2 silvery potions.
  2575 | D:3      | 2575 ||| READING 3 scrolls of identify.
  2575 | D:3      | 2575 ||| IDENTIFYING metallic emerald potion
  2576 | D:3      | 2576 ||| READING 2 scrolls of identify.
  2576 | D:3      | 2576 ||| IDENTIFYING fizzy puce potion
  2577 | D:3      | 2577 ||| DROPPING potion of ambrosia.
  2599 | D:4      | 2599 ||| INVOKING Spit Poison.
  2605 | D:4      | Reached skill level 6 in Ranged Weapons
  2605 | D:4      | Reached XP level 6. HP: 56/56 MP: 6/6
  2609 | D:4      | 2609 ||| INVOKING Spit Poison.
  2621 | D:4      | 2621 ||| INVOKING Spit Poison.
  2647 | D:4      | 2647 ||| FLEEEEING.
  2649 | D:4      | 2649 ||| FLEEEEING.
  2654 | D:4      | 2654 ||| INVOKING Spit Poison.
  2700 | D:4      | 2700 ||| INVOKING Spit Poison.
  2706 | D:4      | 2706 ||| INVOKING Spit Poison.
  2839 | D:4      | 2839 ||| INVOKING Spit Poison.
  2860 | D:4      | 2860 ||| INVOKING Spit Poison.
  2909 | D:4      | 2909 ||| INVOKING Spit Poison.
  2934 | D:4      | 2934 ||| INVOKING Spit Poison.
  2943 | D:4      | Found a staircase to the Ecumenical Temple.
  2944 | D:4      | 2944 ||| PLANNING TEMPLE
  2944 | D:4      | 2944 ||| UPGRADING to +6 ring of strength.
  2956 | Temple   | Entered the Ecumenical Temple
  2993 | Temple   | 2993 ||| PLANNING OKAWARU WORSHIP
  3064 | Temple   | Became a worshipper of Warmaster Okawaru
  3065 | Temple   | 3065 ||| PLANNING D:1-11
  3109 | D:4      | 3109 ||| INVOKING Spit Poison.
  3112 | D:4      | Found a basalt altar of Yredelemnul.
  3116 | D:4      | 3116 ||| INVOKING Spit Poison.
  3119 | D:4      | 3119 ||| INVOKING Spit Poison.
  3126 | D:4      | 3126 ||| FLEEEEING.
  3130 | D:4      | Reached XP level 7. HP: 34/64 MP: 7/7
  3237 | D:4      | 3237 ||| INVOKING Spit Poison.
  3247 | D:4      | 3247 ||| INVOKING Spit Poison.
  3251 | D:4      | 3251 ||| INVOKING Spit Poison.
  3291 | D:4      | Noticed a steam dragon
  3294 | D:4      | 3294 ||| Stepping ~*~*~tactically~*~*~ (cloud).
  3296 | D:4      | 3296 ||| INVOKING Spit Poison.
  3298 | D:4      | 3298 ||| Stepping ~*~*~tactically~*~*~ (cloud).
  3299 | D:4      | 3299 ||| Stepping ~*~*~tactically~*~*~ (cloud).
  3301 | D:4      | 3301 ||| INVOKING Spit Poison.
  3302 | D:4      | HP: 3/64 [steam dragon] (14)]
  3302 | D:4      | HP: 1/64 [steam dragon (2)]
  3303 | D:4      | 3303 ||| DRINKING 2 potions of heal wounds.
  3305 | D:4      | 3305 ||| DRINKING potion of heal wounds.
  3307 | D:4      | 3307 ||| INVOKING Spit Poison.
  3310 | D:4      | Killed a steam dragon
  3315 | D:4      | HP: 15/64 [acid (8)]
  3316 | D:4      | HP: 7/64 [acid (7)]
  3318 | D:4      | Splashed by a jelly's acid

Levels and vault maps discovered:
D:1:      sevenhm_arrival_forest_fort_large_2, layout_rooms
D:2:      layout_loops_ring, serial_bayou, serial_bayou_pond_e,
          serial_bayou_shore_a, serial_bayou_pond_c, serial_bayou_lake_a,
          supply_closet_lemuel, uniq_crazy_yiuf_cottage
D:3:      layout_basic, uniq_jessica, uniq_terence
D:4:      layout_loops_ring, mainiacjoe_overflow_paths, temple_pool_b,
          hangedman_abyss_or_decor_lesser_grid, nicolae_letterblocks
          [nicolae_letter_subblock, nicolae_letter_subblock,
          nicolae_letter_subblock, nicolae_letter_subblock,
          nicolae_letter_subblock, nicolae_letter_subblock,
          nicolae_letter_subblock, nicolae_letter_subblock,
          nicolae_letter_subblock, nicolae_letter_subblock,
          nicolae_letter_subblock, nicolae_letter_subblock,
          nicolae_letter_subblock, nicolae_letter_subblock,
          nicolae_letter_subblock, nicolae_letter_subblock,
          nicolae_letter_subblock, nicolae_letter_subblock,
          nicolae_letter_subblock, nicolae_letter_subblock,
          nicolae_letter_subblock, nicolae_letter_subblock,
          nicolae_letter_subblock, nicolae_letter_subblock,
          nicolae_letter_subblock]
Temple:   compressed_dpeg_circular_temple

Skill      XL: |  1  2  3  4  5  6 |
---------------+-------------------+-----
Ranged Weapons | 4 5 6 |  6.9
Fighting       | 3 4 |  4.2
Dodging        | 2 |  2.4
Stealth        | |  1.5

Action                     |  1- 3 |  4- 6 |  7- 9 || total
---------------------------+-------+-------+-------++-------
   Fire: Shortbow          |    72 |   110 |    24 ||   206
Ability: Spit Poison       |    20 |    42 |     6 ||    68
    Use: Scroll            |     3 |     7 |       ||    10
         Potion            |     2 |     2 |     2 ||     6
 Armour: Leather armour    |    11 |     4 |     3 ||    18
  Dodge: Dodged            |    23 |    16 |     8 ||    47

Table legend:
 A = Non-vault XP
 B = Vault XP
 C = Vault XP percentage of total XP
 D = Non-vault monster count
 E = Vault monster count
 F = Vault count percentage of total count
                 A         B        C        D         E       F
            +---------+---------+-------+---------+---------+-------
      Total |     813 |      75 |   8.4 |      89 |       2 |   2.2
            +---------+---------+-------+---------+---------+-------
        D:1 |      28 |       0 |   0.0 |      16 |       0 |   0.0
        D:2 |      72 |      38 |  34.5 |      27 |       1 |   3.6
        D:3 |     123 |      37 |  23.1 |      22 |       1 |   4.3
        D:4 |     590 |       0 |   0.0 |      24 |       0 |   0.0
            +---------+---------+-------+---------+---------+-------
